AoeStats
← JermWorm

Arabia

509007341Analyzed
1v1 RM · 9d ago on Sep 25, 2026· 49m 25s· 2 players
Game mode
Random Map
Map size
Tiny (2 player)
Population
200
Speed
Normal
Resources
Standard
Victory
Conquest
Starting age
Dark Age
Ending age
Imperial Age
RankedLock teamsTeams togetherTeam positionsShared explorationLock speedFull tech treeHidden civsTurbo modeCheats
Victory
Defeat
🇺🇸 Japanese · United States
1350
+14
🇺🇸 Jurchens · United States
1310
-14
mcnitz
6:48 Loom
9:20 Feudal Age
10:31 Double-Bit Axe
13:05 Fletching
14:53 Padded Archer Armor
21:50 Castle Age
23:16 Leather Archer Armor
23:54 Bow Saw
23:27 Horse Collar
24:29 Gold Mining
25:06 Elite Skirmisher
27:47 Stone Mining
28:44 Wheelbarrow
32:38 Gold Shaft Mining
40:21 Heavy Plow
43:28 Scale Barding Armor
43:33 Forging
44:58 Chain Barding Armor
47:52 Imperial Age
46:13 Chain Barding Armor
47:08 Iron Casting
49:17 Plate Barding Armor
JermWorm
6:44 Loom
9:23 Feudal Age
9:25 Man-at-Arms
10:21 Double-Bit Axe
15:29 Fletching
16:53 Padded Archer Armor
16:52 Horse Collar
23:12 Castle Age
22:17 Gold Mining
22:59 Bloodlines
23:51 Bodkin Arrow
24:00 Husbandry
29:09 Wheelbarrow
29:39 Scale Barding Armor
30:09 Bloodlines
30:59 Chain Barding Armor
37:28 Hand Cart
36:58 Town Watch
39:10 Bow Saw
39:48 Pikeman
43:21 Imperial Age
41:54 Heavy Plow
42:45 Forging
42:48 Squires
43:36 Halberdier
45:40 Kataparuto
46:14 Scale Mail Armor
46:49 Iron Casting
46:54 Conscription
47:58 Chain Mail Armor
48:08 Ballistics
49:15 Blast Furnace
Connection lost

Rejoining the realm…

Still unreachable

The connection could not be restored.

Session expired

The server has moved on; the page needs a fresh start.